 Dungeon Crawl Stone Soup version 0.27.0-1-g7a089689b8 (webtiles) character file.

Game seed: 12778577473969652877

516 Crownlay the Shield-Bearer (level 7, 0/63 HPs)
             Began as a Hill Orc Fighter on Aug 17, 2021.
             Killed from afar by an orc wizard (8 damage)
             ... with a magic dart
             ... on level 5 of the Dungeon.
             The game lasted 00:07:16 (4768 turns).

Crownlay the Shield-Bearer (Hill Orc Fighter)       Turns: 4768, Time: 00:07:17

Health: 0/63       AC: 10    Str: 21    XL:     7   Next: 20%
Magic:  7/7        EV:  8    Int:  8    God:
Gold:   250        SH: 10    Dex: 10    Spells: 6/6 levels left

rFire    . . .     SeeInvis .   a - +0 war axe
rCold    . . .     Faith    .   c - +0 kite shield
rNeg     . . .     Spirit   .   b - +0 scale mail
rPois    .         Reflect  .   (no helmet)
rElec    .         Harm     .   (no cloak)
rCorr    .         Rampage  .   (no gloves)
Will     +....                  (no boots)
Stlth    ..........             (no amulet)
HPRegen  0.20/turn              k - ring of willpower
MPRegen  0.10/turn              n - +4 ring of protection

@: no status effects
A: no striking features
a: no special abilities


You were on level 5 of the Dungeon.
You visited 1 branch of the dungeon, and saw 5 of its levels.

You collected 250 gold pieces.

Inventory:

Hand Weapons
 a - a +0 war axe (weapon)
Missiles
 l - 4 boomerangs (quivered)
Armour
 b - a +0 scale mail (worn)
 c - a +0 kite shield (worn)
Jewellery
 k - a ring of willpower (left hand)
 m - a +6 ring of intelligence
 n - a +4 ring of protection (right hand)
Wands
 t - a wand of digging (5)
Scrolls
 f - a scroll of amnesia {unknown}
 h - a scroll of blinking {unknown}
 i - 2 scrolls of immolation {unknown}
 j - a scroll of identify {unknown}
 p - 2 scrolls of noise {unknown}
 q - a scroll of torment {unknown}
 r - a scroll of enchant armour {unknown}
 s - a scroll of brand weapon {unknown}
Potions
 d - 2 potions of might
 e - a potion of curing
 g - a potion of attraction {unknown}
 o - a potion of flight {unknown}


   Skills:
 + Level 6.2 Fighting
 - Level 2.6 Axes
 - Level 3.2 Armour
 * Level 7.4 Shields


You had 6 spell levels left.
You didn't know any spells.
Your spell library contained the following spells:

 Spells                   Type           Power      Damage    Failure   Level
 Passwall                 Tmut/Erth      0%         N/A       99%         2
 Swiftness                Air            0%         N/A       100%        3
 Tukima's Dance           Hex            0%         N/A       100%        3
 Passage of Golubria      Tloc           N/A        N/A       100%        4
 Yara's Violent Unravell  Hex/Tmut       0%         3d3       100%        5
 Invisibility             Hex            0%         N/A       100%        6


Dungeon Overview and Level Annotations

Branches:
Dungeon (5/15)
 Temple: D:4-7

Altars:
Dithmenos
Elyvilon
Makhleb
Trog
Yredelemnul


Message History

The puff of flame hits you. The orc barely misses you.
Something hits you but does no damage. The orc barely misses you.
You miss something. You block something's attack. You block the orc's attack.
You closely miss something.
You hear some strange, mumbled words.
A magic dart appears from out of thin air!
The magic dart hits you but does no damage.
You block the orc's attack. Something hits you. The orc closely misses you.
You barely miss something. Something hits you but does no damage.
You block the orc's attack.
You miss something. You block something's attack. You block the orc's attack.
Something hits you but does no damage.
The orc hits you from afar with a +0 trident.
* * * LOW HITPOINT WARNING * * *
You completely miss something.
You hear some strange, mumbled words.
A puff of flame appears from out of thin air!
The puff of flame hits you.
* * * LOW HITPOINT WARNING * * *
You block the orc's attack.
You barely miss something. Something hits you.
* * * LOW HITPOINT WARNING * * *
The orc barely misses you. Something hits you but does no damage.
The orc misses you.
You closely miss something. Something hits you but does no damage.
The orc hits you from afar with a +0 trident.
* * * LOW HITPOINT WARNING * * *
You closely miss something. You block something's attack.
The orc barely misses you. You block something's attack.
The orc hits you from afar with a +0 trident.
* * * LOW HITPOINT WARNING * * *
You barely miss something. Something hits you but does no damage.
You block the orc's attack.
You barely miss something. Something hits you but does no damage.
The orc hits you from afar with a +0 trident.
* * * LOW HITPOINT WARNING * * *
You hear some strange, mumbled words.
A magic dart appears from out of thin air!
The magic dart hits you!
You die...

#.# #.# .. ..#
#.#####.# ..# ##..
#......# ..# ###..#
##......###.# .....#
#.....#.....# .....#
#...###....#.#
.....# ##..###....##
.....####...###...##
...............)@)#
..............#{).#
###.......#####.o...
..#....##)# ##.#####
.....<###)####...#
......####.....#..#
###.....##...###


.goZ ##........## ..g. ##......## g.. You could see an orc.

Vanquished Creatures
  A water moccasin (D:4)
  A sky beast (D:4)
  A gnoll shaman (D:5)
  Jessica (D:3)
  3 orc wizards
  A killer bee zombie (D:4)
  A hound zombie (D:5)
  6 gnolls
  2 adders
  A white imp (D:5)
  2 adder skeletons
  A worm (D:3)
  2 dart slugs
  9 orcs
  8 ball pythons
  6 endoplasms
  2 giant cockroaches
  6 goblins
  5 hobgoblins
  A quokka (D:1)
  6 bats
  2 frilled lizards
  4 kobolds
  2 rats
74 creatures vanquished.

Notes
Turn   | Place    | Note
-------+----------+-------------------------------------------
     0 | D:1      | Crownlay the Hill Orc Fighter began the quest for the Orb.
     0 | D:1      | Reached XP level 1. HP: 19/19 MP: 1/1
   354 | D:1      | Reached XP level 2. HP: 27/27 MP: 2/2
   769 | D:1      | Reached skill level 4 in Shields
   981 | D:2      | Found a faded altar of an unknown god.
  1136 | D:2      | Reached XP level 3. HP: 32/33 MP: 3/3
  1234 | D:2      | Reached XP level 4. HP: 13/41 MP: 4/4
  1237 | D:2      | Reached skill level 5 in Shields
  1917 | D:3      | Noticed Jessica
  1925 | D:3      | Killed Jessica
  1926 | D:3      | Reached XP level 5. HP: 44/47 MP: 5/5
  2406 | D:3      | Reached skill level 5 in Fighting
  3290 | D:4      | Reached skill level 6 in Shields
  3318 | D:4      | Reached XP level 6. HP: 36/56 MP: 6/6
  3432 | D:4      | Found a burning altar of Makhleb.
  3509 | D:4      | Noticed a water moccasin
  3528 | D:4      | Killed a water moccasin
  4038 | D:4      | Noticed a sky beast
  4048 | D:4      | Killed a sky beast
  4049 | D:4      | Reached skill level 7 in Shields
  4470 | D:4      | Found a white marble altar of Elyvilon.
  4470 | D:4      | Found a bloodstained altar of Trog.
  4472 | D:4      | Found a shadowy altar of Dithmenos.
  4475 | D:4      | Found a basalt altar of Yredelemnul.
  4502 | D:5      | Entered Level 5 of the Dungeon
  4515 | D:5      | Reached XP level 7. HP: 36/63 MP: 7/7
  4768 | D:5      | Killed from afar by an orc wizard

Illustrated notes

Levels and vault maps discovered:
D:1:      erik_arrival_cave_to_civilisation [erik_arrival_cave_to_hall],
          layout_rooms
D:2:      layout_basic, hellmonk_ecumenical_altar_pennies_from_heaven
D:3:      layout_basic, uniq_jessica
D:4:      layout_gridville, minitemple, roderic_serpentine_path
D:5:      layout_layer_cave, uniq_crazy_yiuf_cottage

Skill      XL: |  1  2  3  4  5  6 |
---------------+-------------------+-----
Fighting       | 4 5 6 |  6.2
Shields        | 4 5 6 7 |  7.4
Axes           | |  2.6
Armour         | |  3.2

Action                   |  1- 3 |  4- 6 |  7- 9 || total
-------------------------+-------+-------+-------++-------
Melee: War axe           |    67 |   180 |    50 ||   297
Throw: Boomerang         |       |     5 |       ||     5
  Use: Potion            |     1 |     1 |       ||     2
Armor: Scale mail        |    28 |    76 |    35 ||   139
Dodge: Dodged            |    32 |    66 |    19 ||   117
Block: Kite shield       |    33 |   101 |    48 ||   182
